 Dungeon Crawl Stone Soup version 0.29-a0-789-g7a8fcbc185 (webtiles) character file.

Game seed: 12274060525856754739

6644 enile the Magician (level 11, -7/75 HPs)
             Began as an Octopode Wanderer on July 3, 2022.
             Was a Priest of Qazlal.
             Mangled by a komodo dragon (30 damage)
             ... on level 2 of the Lair of Beasts.
             The game lasted 00:19:49 (14048 turns).

enile the Magician (Octopode Wanderer)             Turns: 14048, Time: 00:19:49

Health: -7/75      AC:  2    Str: 20    XL:     11   Next: 2%
Magic:  6/22       EV: 19    Int: 15    God:    Qazlal [***...]
Gold:   538        SH: 10    Dex: 22    Spells: 19/25 levels left

rFire   + . .      SeeInvis .   l - +1 rapier (elec)
rCold   x . .      Faith    .   z - +0 buckler
rNeg    + . .      Spirit   .   H - +1 hat of Generosity {Dex+7}
rPois   .          Reflect  .   L - amulet of regeneration
rElec   .          Harm     .   m - ring of fire
rCorr   .          Rampage  .   w - ring of positive energy
Will    .....                   d - +6 ring of strength
Stlth   ++........              B - ring of wizardry
HPRegen 1.02/turn               r - +4 ring of evasion
MPRegen 0.18/turn               (no ring)
                                (no ring)
                                (no ring)

@: no status effects
A: almost no armour, amphibious, 8 rings, camouflage 1, gelatinous body 1,
(nimble swimmer 1), tentacles, agile 1
a: Renounce Religion, Upheaval, Elemental Force


You were on level 2 of the Lair of Beasts.
You worshipped Qazlal.
Qazlal was most pleased with you.
You visited 2 branches of the dungeon, and saw 11 of its levels.
You also visited: Sewer.

You collected 538 gold pieces.

Inventory:

Hand Weapons
 a - a +0 dagger
 g - a +2 falchion of venom
 k - a +0 vampiric spear
 l - a +1 rapier of electrocution (weapon)
 y - a +1 dagger of speed
 F - a +5 vampiric long sword
Missiles
 c - 5 poisoned darts (quivered)
 E - a curare-tipped dart
Armour
 z - a +0 buckler (worn)
 H - the +1 hat of Generosity (worn) {Dex+7}
   (You acquired it on level 1 of the Lair of Beasts)

   Dex:       It affects your dexterity (+7).
 N - a +0 kite shield
 O - the +3 hat of the Untouchables {Contam rElec rF+ rC+}
   (You acquired it on level 1 of the Lair of Beasts)

   rF:        It protects you from fire.
   rC:        It protects you from cold.
   rElec:     It insulates you from electricity.
   Contam:    It causes magical contamination when unequipped.
Jewellery
 d - a +6 ring of strength (on tentacle)
 j - an amulet of faith
 m - a ring of fire (left tentacle)
 r - a +4 ring of evasion (on tentacle)
 w - a ring of positive energy (right tentacle)
 B - a ring of wizardry (on tentacle)
 L - an amulet of regeneration (around mantle)
Wands
 b - a wand of light (11)
 q - a wand of iceblast (10)
 u - a wand of paralysis (23)
 v - a wand of flame (7)
Scrolls
 e - 2 scrolls of silence
 f - 3 scrolls of poison
 i - a scroll of amnesia
 o - a scroll of enchant armour
 x - 2 scrolls of vulnerability
 A - 3 scrolls of teleportation
 D - a scroll of fog
 G - a scroll of enchant weapon
Potions
 h - a potion of degeneration
 n - a potion of berserk rage {unknown}
 s - 2 potions of brilliance
 t - 5 potions of flight
 I - 2 potions of curing
 J - 3 potions of lignification {unknown}
 K - 2 potions of mutation


   Skills:
 - Level 7.0 Fighting
 - Level 5.0 Short Blades
 - Level 2.0 Throwing
 - Level 4.0 Dodging
 - Level 3.0 Stealth
 - Level 3.0 Shields
 - Level 2.0 Unarmed Combat
 + Level 7.5 Spellcasting
 - Level 3.0 Conjurations
 - Level 6.0 Earth Magic
 - Level 4.0 Invocations
 - Level 7.0 Evocations


You had 19 spell levels left.
You knew the following spells:

 Your Spells              Type           Power      Damage    Failure   Level
a - Magic Dart            Conj           56%        1d5       1%          1
b - Passwall              Tmut/Erth      11%        N/A       3%          2
c - Stone Arrow           Conj/Erth      38%        3d9       3%          3

Your spell library contained the following spells:

 Spells                   Type           Power      Damage    Failure   Level
 Sandblast                Erth           46%        2d11      1%          1
 Necrotize                Necr           20%        1d5       7%          1
 Ensorcelled Hibernation  Hex/Ice        10%        N/A       11%         2
 Conjure Flame            Conj/Fire      15%        6-21      11%         3
 Spider Form              Tmut/Pois      5%         N/A       21%         3
 Vampiric Draining        Necr           5%         2d6       21%         3
 Anguish                  Hex/Necr       2%         N/A       52%         4
 Agony                    Necr           5%         N/A       86%         5


Dungeon Overview and Level Annotations

Branches:
Dungeon (10/15)            Temple (0/1) D:6            Lair (2/6) D:8
  Sewer (visited)
  Swamp: Lair:2-4    Shoals: Lair:2-4     Snake: Lair:2-4    Spider: Lair:2-4
    Orc: D:9-12

Altars:
Qazlal
Sif Muna


Innate Abilities, Weirdness & Mutations

You cannot wear most types of armour.
You are amphibious.
You can wear up to eight rings at the same time.
Your skin changes colour to match your surroundings (Stealth+).
Your rubbery body absorbs attacks. (AC +1, EV +1)
((You are camouflaged when in or above water. (Stealth+)))
You have tentacles for arms and can constrict up to eight enemies at once.
You are agile. (Dex +4, Str/Int -1)


Message History

You kill the wolf spider!
Qazlal accepts your kill.
You have reached level 11!
Throw: 6 darts (poison)
Press: ? - help, Q - select action, (/) - cycle Shift-Dir - straight line, f - komodo dragon
Aim: a komodo dragon (73% to hit)
You throw a poisoned dart.
The poisoned dart closely misses the komodo dragon.
The poisoned dart hits the fungus.
Casting: Stone Arrow (dangerous; 3% risk of failure)
Confirm with . or Enter, or press ? or * to list all spells.
Aiming: Stone Arrow (dangerous; 3% risk of failure)
Press: ? - help, Shift-Dir - straight line, f/p - komodo dragon
Aim: a komodo dragon (77% to hit)
The stone arrow hits the komodo dragon!
The komodo dragon is lightly wounded.
You closely miss the komodo dragon.
The komodo dragon is lightly wounded.
You block the komodo dragon's attack.
You hit the komodo dragon.
The komodo dragon is moderately wounded.
The komodo dragon bites you!!
You puncture the komodo dragon!
You squeeze the komodo dragon, but do no damage.
The komodo dragon is heavily wounded.
The komodo dragon completely misses you.
You barely miss the komodo dragon.
You tentacle-slap the komodo dragon, but do no damage.
The komodo dragon is heavily wounded.
The komodo dragon bites you!
You closely miss the komodo dragon.
The komodo dragon is heavily wounded.
The komodo dragon bites you!!
* * * LOW HITPOINT WARNING * * *
Okay, then.
Okay, then.
Okay, then.
As you read the scroll of summoning, it crumbles to dust.
Wisps of shadow whirl around you... The komodo dragon bites you!!
You die...

####....# #.#....
#.##....####.<...
####.#...#.# #.....
#.........## ##....
###..†...#...# #.....
#P##....P#..##..####....
#....PP.#######..##.....
....#...### ##..###.#.
#.###..@h.# ##..###.. .
#....l..# #..####.
#......h.# #...##..
#.........# ###...#.
##..<.>...# #P....
#....(...... #.....
#..........## .......
#####P(.....# #......#
#...............##


You could see a komodo dragon (ally target) and 2 friendly polar bears.

Vanquished Creatures
  A two-headed ogre (D:9)
  A wolf spider (Lair:2)
  Pikel (D:4)
  A cane toad (Lair:1)
  3 komodo dragons
  Sigmund (D:4)
  4 yaks (D:9)
  A wyvern (D:9)
  A steam dragon (D:8)
  Edmund (D:5)
  2 water moccasins
  2 orc warriors
  An ice beast (D:6)
  A black bear (D:5)
  An ogre (D:5)
  2 centaurs
  2 lemures
  A kobold brigand (D:8)
  6 bullfrogs
  A gnoll sergeant (D:9)
  2 scorpions
  11 wights
  4 killer bees (D:9)
  A howler monkey (D:6)
  4 orc priests
  4 hounds
  An iguana (D:6)
  8 orc wizards
  7 gnolls
  2 river rats (Sewer)
  12 adders
  3 worms
  4 dart slugs
  19 orcs
  13 ball pythons
  9 bats
  11 endoplasms
  4 giant cockroaches
  6 goblins
  9 hobgoblins
  13 jackals
  11 kobolds
  7 quokkas
  5 frilled lizards
  4 rats
208 creatures vanquished.

Vanquished Creatures (others)
  14 fungi (Lair:2)
  44 plants
58 creatures vanquished.

Grand Total: 266 creatures vanquished

Notes
Turn   | Place    | Note
-------+----------+-------------------------------------------
     0 | D:1      | enile the Octopode Wanderer began the quest for the Orb.
     0 | D:1      | enile set off with the following items: a +0 dagger, a
                  | potion of haste, 9 poisoned darts, a scroll of fear, a
                  | scroll of silence; and the following spell memorised: Magic
                  | Dart; and the following spells available to memorise:
                  | Conjure Flame.
     0 | D:1      | Reached XP level 1. HP: 13/13 MP: 2/2
     6 | D:1      | Noticed a black mamba
     6 | D:1      | Noticed a four-headed hydra
     7 | D:1      | Noticed a komodo dragon
     7 | D:1      | Noticed a polar bear
   122 | D:1      | Found a faded altar of an unknown god.
   142 | D:1      | Prayed at the altar of an unknown god.
   142 | D:1      | Became a worshipper of Qazlal Stormbringer
   142 | D:1      | Reached * piety under Qazlal
   281 | D:1      | Reached XP level 2. HP: 19/19 MP: 3/3
   342 | D:1      | Reached skill level 1 in Stealth
   776 | D:1      | Reached XP level 3. HP: 16/24 MP: 4/4
  1234 | D:1      | Reached skill level 1 in Dodging
  1374 | D:1      | Reached ** piety under Qazlal
  1987 | D:2      | Found the +8 orange crystal plate armour {Archmagi, Int+3
                  | Clar}
  2064 | D:2      | Reached XP level 4. HP: 22/29 MP: 5/5
  3182 | D:3      | Reached XP level 5. HP: 30/35 MP: 6/8
  4460 | D:4      | Noticed Sigmund
  4475 | D:4      | Gained mutation: You are frail. (-10% HP) [potion of
                  | mutation]
  4475 | D:4      | Gained mutation: You are strong-willed. (Will+) [potion of
                  | mutation]
  4478 | D:4      | Killed Sigmund
  4479 | D:4      | Reached XP level 6. HP: 19/38 MP: 5/9
  4786 | D:4      | Found a shimmering blue altar of Sif Muna.
  4985 | D:4      | Reached XP level 7. HP: 23/43 MP: 10/10
  5208 | D:4      | Noticed Pikel
  5497 | D:4      | Killed Pikel
  5498 | D:4      | Reached skill level 5 in Evocations
  5498 | D:4      | Reached XP level 8. HP: 4/48 MP: 11/11
  6397 | D:5      | Entered Level 5 of the Dungeon
  6405 | D:5      | Reached skill level 5 in Fighting
  6552 | D:5      | Noticed Edmund
  6593 | D:5      | Killed Edmund
  7397 | D:6      | Reached *** piety under Qazlal
  7404 | D:6      | Found a glowing drain.
  7408 | Sewer    | Entered a sewer
  7986 | Sewer    | Reached XP level 9. HP: 8/56 MP: 12/12
  8502 | Sewer    | Lost mutation: You are frail. (-10% HP) [potion of
                  | mutation]
  8502 | Sewer    | Lost mutation: You are strong-willed. (Will+) [potion of
                  | mutation]
  8502 | Sewer    | Gained mutation: You are agile. (Dex +4, Str/Int -1)
                  | [potion of mutation]
  9325 | D:6      | Found a staircase to the Ecumenical Temple.
  9469 | D:6      | You fall into a shaft and drop 2 floors!
  9572 | D:8      | Reached skill level 5 in Short Blades
  9572 | D:8      | Reached skill level 1 in Shields
  9770 | D:8      | Found a staircase to the Lair.
  9988 | D:8      | Reached skill level 1 in Earth Magic
 10240 | D:8      | Learned a level 2 spell: Passwall
 11098 | D:9      | Noticed a two-headed ogre
 11105 | D:9      | Killed a two-headed ogre
 11106 | D:9      | Reached skill level 5 in Spellcasting
 11106 | D:9      | Reached XP level 10. HP: 71/71 MP: 9/17
 11110 | D:9      | Learned a level 3 spell: Stone Arrow
 11555 | D:9      | Reached skill level 5 in Earth Magic
 12573 | D:10     | Entered Level 10 of the Dungeon
 12824 | Lair:1   | Entered Level 1 of the Lair of Beasts
 13074 | Lair:1   | Noticed a cane toad
 13077 | Lair:1   | Killed a cane toad
 13308 | Lair:1   | Identified 2 scrolls of acquirement
 13310 | Lair:1   | Acquired the +3 hat of the Untouchables {Contam rElec rF+
                  | rC+}
 13317 | Lair:1   | Acquired the +1 hat of Generosity {Dex+7}
 13715 | Lair:2   | HP: 1/71 [komodo dragon (24)]
 14033 | Lair:2   | Noticed a wolf spider
 14040 | Lair:2   | Killed a wolf spider
 14041 | Lair:2   | Reached XP level 11. HP: 64/75 MP: 8/22
 14048 | Lair:2   | Mangled by a komodo dragon

Illustrated notes

Levels and vault maps discovered:
D:1:      onia_arrival_zoo_common, layout_loops_corners,
          ebering_ecumenical_altar_abandoned
D:2:      layout_basic, minmay_misc_feat_tiny, uniq_crazy_yiuf_cottage
D:3:      layout_basic, serial_bayou, serial_bayou_pond_d, serial_bayou_shore_a,
          serial_bayou_pond_a, serial_bayou_shore_b, serial_bayou_lagoon_a
D:4:      layout_layer_cave, kennysheep_little_box, serial_co_window_serial,
          co_window_of_opportunity_a, co_window_paths_b, co_window_corner_a,
          co_window_corner_a, co_window_paths_a, co_window_2corner,
          co_window_corner_b, co_window_corner_b, co_window_paths_e,
          co_window_4corner_b, palyth_stone_intersect, uniq_sigmund, uniq_pikel
D:5:      layout_cave_pools, nicolae_wu_jian_glorious_leap, uniq_edmund,
          uniq_ijyb
D:6:      layout_gridville, minmay_temple_entry_slanted, gup_sewer_entry_bowl
D:8:      layout_cave_pods, dpeg_oklobed_lair, kennysheep_boxes
D:9:      layout_gridville, kennysheep_flooded_box
D:10:     layout_grid_maze, mainiacjoe_overflow_alcove_4,
          gammafunk_ghost_necromancy, serial_shops, shop,
          nicolae_shop_hallway_plus, nicolae_shop_behind_doors, shop_fountains,
          shop, hangedman_abyss_or_decor_lesser_grid, st_stairs_13
Lair:1:   layout_chaotic_city, serial_bayou_lagoon_b, grunt_megastairs_3
Lair:2:   minmay_lair_venomous_thicket, layout_cave_pods,
          cheibrodos_lair_lostbears, uniq_gastronok

Skill      XL: |  1  2  3  4  5  6  7  8  9 10 |
---------------+-------------------------------+-----
Fighting       | 2 4 6 7 |  7.0
Stealth        | 2 3 |  3.0
Evocations     | 3 5 6 7 |  7.0
Dodging        | 1 2 4 |  4.0
Spellcasting   | 2 5 7 |  7.5
Invocations    | 3 4 |  4.0
Short Blades   | 4 5 |  5.0
Shields        | 3 |  3.0
Earth Magic    | 4 6 |  6.0
Conjurations   | 3 |  3.0
Throwing       | |  2.0
Unarmed Combat | |  2.0

Action                   |  1- 3 |  4- 6 |  7- 9 | 10-12 || total
-------------------------+-------+-------+-------+-------++-------
Melee: Dagger            |     9 |       |       |       ||     9
       Tentacles         |    12 |    12 |    42 |    14 ||    80
       Constrict         |    18 |    11 |    41 |     9 ||    79
       Falchion          |    57 |    54 |    91 |     7 ||   209
       Punch             |       |     3 |     6 |     2 ||    11
       Rapier            |       |       |    96 |    47 ||   143
       Long sword        |       |       |       |     9 ||     9
Throw: Dart              |       |    10 |    29 |    16 ||    55
 Cast: Magic Dart        |     7 |    19 |    18 |       ||    44
       Stone Arrow       |       |       |       |    37 ||    37
Invok: Upheaval          |       |     1 |     7 |     1 ||     9
Evoke: Wand              |       |       |     6 |       ||     6
  Use: Potion            |       |     4 |    11 |     2 ||    17
       Scroll            |       |       |    13 |     7 ||    20
Armor: Skin              |     1 |     4 |     5 |     3 ||    13
Dodge: Dodged            |    35 |    32 |   129 |    25 ||   221
Block: Other             |     4 |     4 |    28 |       ||    36
       Buckler           |       |       |     9 |    37 ||    46

Table legend: (Time is in decaauts)
 A = Elapsed time spent in this place.
 B = Non-inter-level travel time spent in this place.
 C = Inter-level travel time spent in this place.
 D = Time resting spent in this place.
 E = Time spent auto-exploring this place.
 F = Levels seen in this place.
 G = Mean time per level.
                   A        B        C        D        E       F      G
               +--------+--------+--------+--------+--------+-----+--------+
         Total |  14083 |  13598 |    485 |    645 |  11213 |  12 | 1173.6 |
       Dungeon |  11698 |  11246 |    452 |    645 |   9145 |   9 | 1299.8 |
          Lair |   1224 |   1192 |     32 |      0 |   1071 |   2 |  612.0 |
         Sewer |   1161 |   1161 |      0 |      0 |    997 |   1 | 1161.0 |
               +--------+--------+--------+--------+--------+-----+--------+

Top non-repeatable levels by time:
     D:4: 2045 daAuts
     D:9: 2011 daAuts
     D:1: 1778 daAuts
     D:3: 1446 daAuts
     D:6: 1348 daAuts
     D:8: 1256 daAuts
   Sewer: 1161 daAuts
     D:2: 1145 daAuts
  Lair:1: 868 daAuts
     D:5: 571 daAuts
  Lair:2: 355 daAuts
    D:10: 95 daAuts
